 Dungeon Crawl Stone Soup version 0.32-a0-711-g016ad743e0 (webtiles) character file.

Game seed: 1936164239266141092

25 Griffin23 the Conjurer (level 3, -2/21 HPs)
             Began as an Octopode Conjurer on Mar 15, 2024.
             Slain by a gnoll
             ... wielding a +0 spear
              (7 damage)
             ... on level 2 of the Dungeon.
             The game lasted 00:03:18 (917 turns).

Griffin23 the Conjurer (Octopode Conjurer)           Turns: 917, Time: 00:03:18

Health: -2/21      AC:  1    Str:  6    XL:     3   Next: 6%
Magic:  6/6        EV: 12    Int: 22    God:
Gold:   28         SH:  0    Dex: 10    Spells: 2/6 levels left

rFire   . . .        (no weapon)
rCold   . . .        (no shield)
rNeg    . . .        (helmet restricted)
rPois   +            b - amulet of the acrobat
rElec   .            e - ring of poison resistance
rCorr   .            (no ring)
SInv    .            (no ring)
Will    .....        (no ring)
Stlth   +++          (no ring)
HPRegen 0.23/turn    (no ring)
MPRegen 0.10/turn    (no ring)
                     (no ring)

%: acrobat
@: no status effects
A: almost no armour, amphibious, 8 rings, camouflage 1, gelatinous body 1,
(nimble swimmer 1), tentacles
a: no special abilities


You were on level 2 of the Dungeon.
You visited 1 branch of the dungeon, and saw 2 of its levels.

You collected 28 gold pieces.

Inventory:

Hand Weapons
 c - a +0 dagger
Jewellery
 b - an amulet of the acrobat (around mantle)
 e - a ring of poison resistance (left tentacle)
Scrolls
 d - a scroll of poison {unknown}
 f - a scroll of identify {unknown}
Potions
 a - a potion of magic


   Skills:
 + Level 2.2 Dodging
 + Level 3.2 Stealth
 + Level 0.3 Unarmed Combat
 + Level 2.2 Spellcasting
 * Level 4.3 Conjurations


You had 2 spell levels left.
You knew the following spells:

 Your Spells              Type           Power      Damage    Failure   Level
a - Magic Dart            Conj           84%        1d7       2%          1
b - Searing Ray           Conj           42%        2d6       3%          2
c - Apportation           Tloc           4%         N/A       14%         1

Your spell library contained the following spells:

 Spells                   Type           Power      Damage    Failure   Level
 Jinxbite                 Hex            4%         N/A       21%         2
 Fulminant Prism          Conj/Alch      6%         3d7       47%         4
 Iskenderun's Mystic Bla  Conj/Tloc      12%        2d5       47%         4
 Alistair's Intoxication  Alch           1%         N/A       98%         5


Dungeon Overview and Level Annotations

Branches:
Dungeon (2/15)

Altars:


Innate Abilities, Weirdness & Mutations

You cannot wear most types of armour.
You are amphibious.
You can wear up to eight rings at the same time.
Your skin changes colour to match your surroundings (Stealth+).
Your rubbery body absorbs attacks. (AC +1, EV +1)
((You are camouflaged when in or above water. (Stealth+)))
You have tentacles for arms and can constrict up to eight enemies at once.


Message History

A ball python is nearby!
The magic dart hits the ball python!
You kill the ball python!
You see here a +0 short sword.
Found a stone staircase leading down.
f - a scroll labelled OKLUMOTU IMNO You enter the shallow water.
Items here: ÷÷÷÷.
Done exploring.
Done exploring.
What level of the Dungeon? (default 1, ? - help)
Items here: ÷÷÷÷.
There is a stone staircase leading down here.
You climb downwards.
Found 20 gold pieces, 5 poisoned darts and 2 stones.
Found a stone staircase leading up.
There is a stone staircase leading up here.
There are monsters nearby!
The magic dart hits the gnoll.
The gnoll is moderately wounded.
The gnoll shouts! x3; The adder hisses angrily.
The bat barely misses you. The gnoll barely misses you.
The bat barely misses you. The bat closely misses you. x2
The gnoll barely misses you.
The gnoll hits you from afar with a +0 spear.
You climb upwards.
There is a stone staircase leading down here.
The magic dart hits the bat!
You kill the bat!
You start resting.
Magic restored.
You start resting.
HP restored.
You climb downwards.
The adder bites you. x2; The gnoll barely misses you.
The gnoll hits you from afar with a +0 halberd.
There is a stone staircase leading up here.
The adder misses you. The gnoll hits you with a +0 whip!
* * * LOW HITPOINT WARNING * * *
The gnoll hits you from afar with a +0 spear!
You die...

#####.#.###
....#.....####
...........(.#
.............#.
....$..........
............#..
(.....<........
.......@g......
..$.$g..S....##
........g..#.#
....#.....##
### #.##### #.
#. #.


You could see 3 gnolls and an adder.

Vanquished Creatures
  A dart slug (D:1)
  A ball python (D:1)
  2 bats (D:1)
  A giant cockroach (D:1)
  2 goblins (D:1)
  4 hobgoblins (D:1)
  3 jackals (D:1)
  2 kobolds (D:1)
  A quokka (D:1)
  A frilled lizard (D:1)
  A rat (D:1)
19 creatures vanquished.

Notes
Turn   | Place    | Note
-------+----------+-------------------------------------------
     0 | D:1      | Griffin23 the Octopode Conjurer began the quest for the
                  | Orb.
     0 | D:1      | Reached XP level 1. HP: 11/11 MP: 3/3
    70 | D:1      | Reached XP level 2. HP: 8/17 MP: 5/5
   252 | D:1      | Learned a level 2 spell: Searing Ray
   322 | D:1      | Learned a level 1 spell: Apportation
   567 | D:1      | Reached XP level 3. HP: 21/21 MP: 0/6
   917 | D:2      | Slain by a gnoll

Illustrated notes

Levels and vault maps discovered:
D:1:      dpeg_arrival_signposts, layout_basic, nrook_mini_backslash,
          chequers_serial_rivers_micro_c
D:2:      layout_rooms, uniq_crazy_yiuf_cottage

Skill      XL: |  1  2 |
---------------+-------+-----
Stealth        | 3 |  3.2
Dodging        | |  2.2
Unarmed Combat | |  0.3
Spellcasting   | |  2.2
Conjurations   | |  4.3

Action                     || total
---------------------------++-------
  Melee: Unarmed           ||    30
         Constrict         ||     8
         Tentacles         ||     7
   Cast: Magic Dart        ||    17
 Armour: Skin              ||    31
  Dodge: Dodged            ||    41

Table legend: (Time is in decaauts)
 A = Elapsed time spent in this place.
 B = Non-inter-level travel time spent in this place.
 C = Inter-level travel time spent in this place.
 D = Time resting spent in this place.
 E = Time spent auto-exploring this place.
 F = Levels seen in this place.
 G = Mean time per level.
                   A        B        C        D        E       F      G
               +--------+--------+--------+--------+--------+-----+--------+
         Total |    917 |    880 |     37 |    182 |    563 |   2 |  458.5 |
       Dungeon |    917 |    880 |     37 |    182 |    563 |   2 |  458.5 |
               +--------+--------+--------+--------+--------+-----+--------+

Top non-repeatable levels by time:
     D:1: 913 daAuts
     D:2: 4 daAuts
